 Dungeon Crawl Stone Soup version 0.26-a0-710-g95a0c6c400 (webtiles) character file.

Game seed: 11352680953509047513

1101 snetch the Cleaver (level 8, -2/70 HPs)
             Began as a Hill Orc Monk on Oct 30, 2020.
             Slain by Menkaure (16 damage)
             ... on level 6 of the Dungeon.
             The game lasted 00:13:37 (6689 turns).

snetch the Cleaver (Hill Orc Monk)                  Turns: 6689, Time: 00:13:37

Health: -2/70      AC:  9    Str: 16    XL:     8   Next: 32%
Magic:  0/8        EV:  7    Int: 10    God:
Gold:   381        SH:  4    Dex: 13    Spells: 7/7 levels left

rFire    . . .     SeeInvis .   a - +2 hand axe (vorpal)
rCold    . . .     Faith    .   j - +0 buckler
rNeg     . . .     Spirit   +   v - +0 chain mail
rPois    .         Reflect  .   (no helmet)
rElec    .         Harm     .   (no cloak)
rCorr    .         Rampage  .   (no gloves)
MR       .....                  (no boots)
Stlth    ..........             g - amulet of guardian spirit
HPRegen  0.21/turn              (no ring)
MPRegen  0.11/turn              (no ring)

@: no status effects
A: no striking features
a: no special abilities


You were on level 6 of the Dungeon.
You visited 2 branches of the dungeon, and saw 9 of its levels.

You collected 381 gold pieces.

Inventory:

Hand Weapons
 a - a +2 vorpal hand axe (weapon)
 q - a +0 longbow
 u - a +2 quarterstaff of speed
 F - a +1 whip of venom
Missiles
 b - 17 poisoned darts (quivered)
 c - 132 stones
 d - 67 sling bullets
 n - 34 arrows
 y - 21 bolts
 D - a throwing net
Armour
 j - a +0 buckler (worn)
 v - a +0 chain mail (worn)
 G - the cursed +1 ring mail of Patterns {rN++, unknown}
   (You found it on level 6 of the Dungeon)

   It greatly protects you from negative energy.
   It has a curse placed upon it.
Jewellery
 g - an amulet of guardian spirit (around neck)
Wands
 p - a wand of acid (6)
 x - a wand of digging (14)
 B - a wand of flame (15)
Scrolls
 f - a scroll of fear {unknown}
 h - 4 scrolls of teleportation {unknown}
 i - a scroll of enchant armour {unknown}
 l - a scroll of magic mapping {unknown}
 m - a scroll of random uselessness {unknown}
 o - 4 scrolls of remove curse {unknown}
 r - 6 scrolls of identify {unknown}
 C - a scroll of enchant weapon {unknown}
Potions
 e - a potion of stabbing {unknown}
 k - 4 potions of curing
 s - 3 potions of flight {unknown}
 t - a potion of berserk rage {unknown}
 w - 4 potions of heal wounds {unknown}
 z - 2 potions of brilliance {unknown}
 A - a potion of cancellation {unknown}
 E - a potion of ambrosia {unknown}


   Skills:
 + Level 5.9 Fighting
 + Level 8.8 Axes
 + Level 2.0 Throwing
 + Level 4.5 Armour
 + Level 3.3 Dodging
 + Level 2.1 Stealth
 + Level 1.9 Shields


You had 7 spell levels left.
You didn't know any spells.
Your spell library contained the following spells:

 Spells                   Type           Power        Failure   Level
 Beastly Appendage        Tmut           #.....       100%        1
 Freeze                   Ice            #...         100%        1
 Wereblood                Tmut           #.......     100%        2
 Frozen Ramparts          Ice            #.....       100%        3
 Ozocubu's Armour         Ice            #.......     100%        3
 Spider Form              Tmut/Pois      #.........   100%        3
 Hailstorm                Conj/Ice       #.......     100%        4
 Ice Form                 Ice/Tmut       #.......     100%        4
 Summon Ice Beast         Ice/Summ       #.......     100%        4
 Blade Hands              Tmut           #.........   100%        5


Dungeon Overview and Level Annotations

Branches:
Dungeon (8/15)             Temple (1/1) D:4
   Lair: D:8-11

Altars:
Ashenzari
Cheibriados
Dithmenos
Elyvilon
Fedhas
Gozag
Hepliaklqana
Kikubaaqudgha
Makhleb
Nemelex Xobeh
Okawaru
Qazlal
Ru
Sif Muna
Trog
Uskayaw
Vehumet
Wu Jian
Xom
Yredelemnul
Zin
The Shining One

Shops:
D:5 (

Annotations:
D:6 Menkaure


Message History

No target in view!
No target in view!
Magic restored.
o - 4 scrolls labeled PUAREE MEFI (gained 1) Menkaure, Prince of Dust comes into view.
Menkaure shouts!
Menkaure casts a spell.
Menkaure seems to speed up.
Menkaure calls on the powers of darkness!
Your body is wracked with pain!
Menkaure hits you but does no damage.
You hit Menkaure but do no damage.
Menkaure calls on the powers of darkness!
Your body is wracked with pain!
Your chain mail prevents you from hitting Menkaure.
Menkaure hits you!!
* * * LOW HITPOINT WARNING * * *
It was a potion of curing.
You feel better. You block Menkaure's attack. Menkaure hits you!
You die...

###........###
.........###
........##
........##
##.......#
##......##
##......##
##......###
#.....@..#
#.....M.......
##.......$....
###......####
########


You could see Menkaure (fast).

Vanquished Creatures
  A sky beast (D:5)
  A phantom (D:4)
  An ice beast (D:6)
  An ogre (D:4)
  2 bullfrogs (D:6)
  2 scorpions
  A howler monkey (D:4)
  2 bullfrog zombies (D:5)
  A hound (D:4)
  2 bullfrog skeletons
  An orc wizard (D:4)
  Jessica (D:3)
  Ijyb (D:4)
  2 worker ants (D:4)
  A hound zombie (D:6)
  A hound skeleton (D:4)
  6 adders
  2 shadow imps
  A white imp (D:5)
  An ooze (D:1)
  An adder zombie (D:5)
  An adder skeleton (D:4)
  5 worms (D:2)
  2 dart slugs
  8 orcs
  3 ball pythons (D:3)
  10 bats
  4 giant cockroaches
  4 goblins
  6 hobgoblins
  11 jackals
  7 kobolds
  4 quokkas
  3 frilled lizards
  A leopard gecko skeleton (D:4)
  4 rats
105 creatures vanquished.

Vanquished Creatures (others)
  A quokka (D:4)
1 creature vanquished.

Grand Total: 106 creatures vanquished

Notes
Turn   | Place    | Note
-------+----------+-------------------------------------------
     0 | D:1      | snetch the Hill Orc Monk began the quest for the Orb.
     0 | D:1      | Reached XP level 1. HP: 19/19 MP: 1/1
    68 | D:1      | Reached XP level 2. HP: 23/27 MP: 2/2
   324 | D:1      | Reached XP level 3. HP: 26/34 MP: 3/3
  1439 | D:3      | Reached XP level 4. HP: 11/41 MP: 2/4
  1890 | D:2      | Reached skill level 5 in Axes
  2742 | D:3      | Noticed Jessica
  2751 | D:3      | Killed Jessica
  2767 | D:3      | You fall into a shaft and drop 1 floor!
  2814 | D:3      | Reached XP level 5. HP: 43/47 MP: 3/5
  2845 | D:3      | Reached skill level 1 in Armour
  3075 | D:3      | Reached skill level 1 in Shields
  3207 | D:3      | Found a sacrificial altar of Ru.
  3207 | D:3      | Found an iron altar of Okawaru.
  3213 | D:3      | Found a glowing silver altar of Zin.
  3215 | D:3      | Found a shadowy altar of Dithmenos.
  3217 | D:3      | Found a bloodstained altar of Trog.
  3649 | D:4      | Reached XP level 6. HP: 28/55 MP: 3/6
  3714 | D:4      | Reached skill level 6 in Axes
  3843 | D:4      | Found a staircase to the Ecumenical Temple.
  3883 | D:4      | Noticed Ijyb
  3914 | D:4      | Killed Ijyb
  3914 | D:4      | Reached skill level 5 in Fighting
  3914 | D:4      | Reached skill level 1 in Throwing
  4110 | D:4      | Found a white marble altar of Elyvilon.
  4178 | D:5      | Entered Level 5 of the Dungeon
  4344 | Temple   | Entered the Ecumenical Temple
  4603 | D:4      | Noticed a phantom
  4643 | D:4      | Killed a phantom
  4643 | D:4      | Reached XP level 7. HP: 50/61 MP: 7/7
  4739 | D:4      | Reached skill level 7 in Axes
  5574 | D:5      | Found Osyros's Weapon Shoppe.
  6319 | D:6      | Reached skill level 8 in Axes
  6459 | D:6      | Reached XP level 8. HP: 64/70 MP: 6/8
  6496 | D:6      | Got a faintly glowing ring mail
  6682 | D:6      | Noticed Menkaure
  6688 | D:6      | HP: 3/70 [Menkaure (19)]
  6689 | D:6      | Slain by Menkaure

Illustrated notes

Levels and vault maps discovered:
D:1:      dpeg_arrival_signposts, layout_basic, minmay_crystal_room,
          minmay_misc_feat_enclosed
D:2:      layout_loops_ring
D:3:      layout_basic, chequers_temple_overflow_minitemple, chequers_avenue,
          minivault_4, uniq_jessica
D:4:      layout_cave_pools, elyvilon_altar_4, temple_doors_e, uniq_ijyb
D:5:      layout_layer_cave, serial_shops, nicolae_shop_stone
D:6:      layout_layer_cave, basic_altar, uniq_crazy_yiuf_cottage, uniq_menkaure
D:7:      layout_gridville, vehumet_altar_wand_db
D:8:      layout_rooms, minmay_the_grid_2x2 [minmay_the_grid_zigzag_pyramid,
          minmay_the_grid_doors, minmay_the_grid_gridbox,
          minmay_the_grid_prize_inner_circle]
Temple:   lightli_temple_of_artemis

Skill      XL: |  1  2  3  4  5  6  7 |
---------------+----------------------+-----
Fighting       | 4 5 |  5.9
Axes           | 5 6 8 |  8.8
Armour         | 2 3 4 |  4.5
Shields        | 1 |  1.9
Dodging        | 3 |  3.3
Stealth        | 2 |  2.1
Throwing       | 1 2 |  2.0

Action                   |  1- 3 |  4- 6 |  7- 9 || total
-------------------------+-------+-------+-------++-------
Melee: Hand axe          |   125 |   250 |   146 ||   521
Throw: Dart              |       |    22 |       ||    22
  Use: Potion            |       |       |     1 ||     1
 Stab: Sleeping          |     2 |     1 |       ||     3
Armor: Robe              |    41 |       |       ||    41
       Ring mail         |       |    30 |       ||    30
       Chain mail        |       |    74 |    71 ||   145
Dodge: Dodged            |    73 |   121 |    35 ||   229
Block: Buckler           |    18 |    32 |    11 ||    61

Table legend: (Time is in decaauts)
 A = Elapsed time spent in this place.
 B = Non-inter-level travel time spent in this place.
 C = Inter-level travel time spent in this place.
 D = Time resting spent in this place.
 E = Time spent auto-exploring this place.
 F = Levels seen in this place.
 G = Mean time per level.
                   A        B        C        D        E       F      G
               +--------+--------+--------+--------+--------+-----+--------+
         Total |   6727 |   6489 |    238 |    502 |   4441 |   9 |  747.4 |
       Dungeon |   6498 |   6271 |    227 |    491 |   4280 |   8 |  812.2 |
        Temple |    228 |    217 |     11 |     11 |    161 |   1 |  228.0 |
               +--------+--------+--------+--------+--------+-----+--------+

Top non-repeatable levels by time:
     D:4: 1473 daAuts
     D:1: 1296 daAuts
     D:3: 1193 daAuts
     D:2: 1088 daAuts
     D:5: 958 daAuts
     D:6: 444 daAuts
  Temple: 228 daAuts
     D:7: 27 daAuts
     D:8: 16 daAuts
